 Dungeon Crawl Stone Soup version 0.28-a0-1339-ga5422284a4 (webtiles) character file.

Game seed: 9935294430691528250

490 bladeefan the Skirmisher (level 6, -1/75 HPs)
             Began as a Demonspawn Gladiator on Dec 28, 2021.
             Slain by an orc wizard (3 damage)
             ... on level 4 of the Dungeon.
             The game lasted 00:08:04 (4620 turns).

bladeefan the Skirmisher (Demonspawn Gladiator)     Turns: 4620, Time: 00:08:04

Health: -1/75      AC: 23    Str: 15 (16) XL:     6   Next: 90%
Magic:  0/6        EV:  2    Int:  9 (10) God:
Gold:   167        SH:  0    Dex: 11 (14) Spells: 5/5 levels left

rFire   + . .      SeeInvis .   a - +1 flail
rCold   + . .      Faith    .   (no shield)
rNeg    . . .      Spirit   +   (armour currently unavailable)
rPois   +          Reflect  .   (helmet currently unavailable)
rElec   +          Harm     .   (cloak currently unavailable)
rCorr   +          Rampage  .   (gloves currently unavailable)
Will    .....      NoTele   +   (boots currently unavailable)
Stlth   +.........              o - amulet of guardian spirit
HPRegen 0.22/turn               l - ring of flight
MPRegen 0.10/turn               (no ring)

@: confused, tree-form, resistant
A: stationary, stasis, torment immunity, boosted hp, powered by pain 1, (sharp
scales 1), condensation shield
a: no special abilities


You were on level 4 of the Dungeon.
You were a tree.
You visited 1 branch of the dungeon, and saw 4 of its levels.

You collected 167 gold pieces.

Inventory:

Hand Weapons
 a - a +1 flail (weapon)
Missiles
 d - 3 throwing nets (quivered) {!f}
Armour
 c - a +0 helmet (melded)
 f - a +0 scale mail (melded)
   (You took it off Terence on level 2 of the Dungeon)
 j - a +0 cloak (melded)
   (You took it off Crazy Yiuf on level 2 of the Dungeon)
Jewellery
 l - a ring of flight (left branch)
   (You found it on level 3 of the Dungeon)
 o - an amulet of guardian spirit (around neck)
   (You found it on level 4 of the Dungeon)
Wands
 h - a wand of polymorph (10)
   (You took it off Jessica on level 2 of the Dungeon)
 m - a wand of mindburst (16)
   (You took it off Ijyb on level 3 of the Dungeon)
 t - a wand of flame (17)
   (You took it off a gnoll on level 4 of the Dungeon)
 u - a wand of paralysis (8)
   (You found it on level 4 of the Dungeon)
Scrolls
 b - a scroll of fog
 g - a scroll of brand weapon {unknown}
 i - a scroll of amnesia
 q - 2 scrolls of teleportation {unknown}
Potions
 e - a potion of degeneration {!q}
 k - a potion of lignification {!q}
 n - a potion of resistance
 p - 2 potions of brilliance


   Skills:
 * Level 4.9 Fighting
 + Level 4.0 Maces & Flails
 + Level 3.3 Throwing
 + Level 4.0 Dodging


You had 5 spell levels left.
You didn't know any spells.
Your spell library contained the following spells:

 Spells                   Type           Power      Damage    Failure   Level
 Ensorcelled Hibernation  Hex/Ice        0%         N/A       52%         2
 Frozen Ramparts          Ice            0%         1d2       77%         3
 Ozocubu's Armour         Ice            0%         N/A       77%         3
 Tukima's Dance           Hex            0%         N/A       77%         3
 Ice Form                 Ice/Tmut       0%         N/A       99%         4
 Summon Ice Beast         Ice/Summ       0%         N/A       99%         4
 Metabolic Englaciation   Hex/Ice        0%         N/A       100%        5
 Simulacrum               Ice/Necr       0%         N/A       100%        6
 Enfeeble                 Hex            0%         N/A       100%        7


Dungeon Overview and Level Annotations

Branches:
Dungeon (4/15)
 Temple: D:4-7

Altars:
Nemelex Xobeh


Innate Abilities, Weirdness & Mutations

You are a tree.
Your roots penetrate the ground, keeping you stationary.
You cannot be teleported.
You are immune to unholy pain and torment.
Your maximum health is greatly increased.
Your equipment is partially melded.
You sometimes gain a little power by taking damage.
((You are partially covered in razor-sharp scales. (AC +1, Slay +1)))
A meltable shield of frost defends you. (SH +4)


Message History

Something hits you but does no damage. The orc hits you but does no damage. x2
Something hits you but does no damage. Something hits you.
* * * LOW HITPOINT WARNING * * *
The orc hits you but does no damage.
You barely miss the orc. Something hits you but does no damage.
The orc hits you but does no damage. Something hits you but does no damage.
The orc hits you with a +0 hand axe.
* * * LOW HITPOINT WARNING * * *
The orc hits you but does no damage. Something hits you but does no damage.
As you read the scroll labelled EGIBBO LONYAS, it crumbles to dust.
You cannot blink because you are held in place by your roots.
It was a scroll of blinking.
Something hits you but does no damage. The orc hits you but does no damage. x2
You hear some strange, mumbled words.
You are confused.
Something hits you but does no damage. The orc hits you with a +0 hand axe.
* * * LOW HITPOINT WARNING * * *
You are too confused!
You cannot move. (Use ctrl+direction or * direction to attack without moving.)
You cannot move. (Use ctrl+direction or * direction to attack without moving.)
You closely miss the orc. Something hits you but does no damage.
The orc hits you with a +0 mace.
* * * LOW HITPOINT WARNING * * *
The orc hits you but does no damage. Something hits you but does no damage.
The orc hits you but does no damage. Something hits you but does no damage.
Something hits you but does no damage. The orc hits you but does no damage.
Something hits you but does no damage. The orc hits you but does no damage.
You barely miss something. The orc completely misses you.
Something hits you but does no damage. Something hits you but does no damage.
The orc hits you but does no damage. Something hits you but does no damage.
The orc hits you but does no damage.
Unknown command.
You completely miss something. The orc hits you but does no damage.
Something hits you but does no damage. Something hits you.
You die...

######.. ### #......#
#.. #......# # +..
#....... .#.## #..
#....$$##.#.. +..
#.....§§§. .# #..
#....§§§###.### ######..
#...§§§oo..>... ........
#...§§{♣{..### ######.
#...§§o{...# #.....
#....§.....# #.....
###........########.....
#.....................
#........#######......
########## #......
#...... #.####'


You could see 3 orcs.

Vanquished Creatures
  A necrophage (D:4)
  A kobold brigand (D:4)
  A hound (D:4)
  An orc priest (D:4)
  Crazy Yiuf (D:2)
  Jessica (D:2)
  Ijyb (D:3)
  Terence (D:2)
  An orc wizard (D:4)
  4 gnolls (D:4)
  A howler monkey zombie (D:4)
  2 adders (D:2)
  An ufetubus (D:4)
  An adder skeleton (D:4)
  A worm (D:3)
  A dart slug (D:1)
  An orc (D:3)
  10 ball pythons
  4 endoplasms
  4 giant cockroaches
  6 goblins
  9 hobgoblins
  9 kobolds
  4 quokkas
  3 bats
  4 frilled lizards
  4 rats
78 creatures vanquished.

Notes
Turn   | Place    | Note
-------+----------+-------------------------------------------
     0 | D:1      | bladeefan the Demonspawn Gladiator began the quest for the
                  | Orb.
     0 | D:1      | Reached XP level 1. HP: 16/16 MP: 1/1
   230 | D:1      | Gained mutation: You are partially covered in razor-sharp
                  | scales. (AC +1, Slay +1) [demonic ancestry]
   230 | D:1      | Reached XP level 2. HP: 22/22 MP: 2/2
  1197 | D:2      | Noticed Terence
  1558 | D:2      | Killed Terence
  1559 | D:2      | Reached XP level 3. HP: 8/28 MP: 3/3
  1815 | D:2      | Noticed Jessica
  1998 | D:2      | Killed Jessica
  1999 | D:2      | Gained mutation: You sometimes gain a little power by
                  | taking damage. [demonic ancestry]
  1999 | D:2      | Reached XP level 4. HP: 31/35 MP: 4/4
  2073 | D:2      | Found a runed translucent door.
  2074 | D:2      | Noticed Crazy Yiuf
  2120 | D:2      | Found a sparkling altar of Nemelex Xobeh.
  2714 | D:2      | Killed Crazy Yiuf
  2715 | D:2      | Gained mutation: A meltable shield of frost defends you.
                  | (SH +4) [demonic ancestry]
  2715 | D:2      | Reached XP level 5. HP: 41/41 MP: 5/5
  3385 | D:3      | Noticed Ijyb
  3398 | D:3      | Killed Ijyb
  3829 | D:4      | Noticed a necrophage
  3839 | D:4      | Killed a necrophage
  3840 | D:4      | Reached XP level 6. HP: 45/49 MP: 6/6
  4618 | D:4      | HP: 2/75 [orc (4)]
  4620 | D:4      | Slain by an orc wizard

Illustrated notes

Levels and vault maps discovered:
D:1:      grunt_arrival_lava_bath, layout_loops_corners
D:2:      layout_basic, basic_altar, uniq_terence, uniq_jessica,
          uniq_crazy_yiuf_cottage
D:3:      layout_loops_ring, uniq_ijyb
D:4:      minmay_wonky_spiral, layout_basic

Skill      XL: |  1  2  3  4  5  6 |
---------------+-------------------+-----
Throwing       | 2 3 |  3.3
Maces & Flails | 3 4 |  4.0
Dodging        | 3 4 |  4.0
Fighting       | 3 4 |  4.9

Action                   |  1- 3 |  4- 6 || total
-------------------------+-------+-------++-------
Melee: Flail             |    87 |   175 ||   262
  Use: Scroll            |     1 |     5 ||     6
       Potion            |     1 |     3 ||     4
Armor: Leather armour    |    33 |       ||    33
       Scale mail        |     3 |   110 ||   113
       Skin              |       |    38 ||    38
Dodge: Dodged            |    62 |   109 ||   171
Block: Other             |       |    29 ||    29

Table legend: (Time is in decaauts)
 A = Elapsed time spent in this place.
 B = Non-inter-level travel time spent in this place.
 C = Inter-level travel time spent in this place.
 D = Time resting spent in this place.
 E = Time spent auto-exploring this place.
 F = Levels seen in this place.
 G = Mean time per level.
                   A        B        C        D        E       F      G
               +--------+--------+--------+--------+--------+-----+--------+
         Total |   4681 |   4584 |     97 |   1192 |   2634 |   4 | 1170.2 |
       Dungeon |   4681 |   4584 |     97 |   1192 |   2634 |   4 | 1170.2 |
               +--------+--------+--------+--------+--------+-----+--------+

Top non-repeatable levels by time:
     D:1: 1669 daAuts
     D:2: 1103 daAuts
     D:4: 1087 daAuts
     D:3: 821 daAuts
